 Dungeon Crawl Stone Soup version 0.29.1-1-gd02db6906a (webtiles) character file.

Game seed: 10513018790648472981

14 GigaChad the Trooper (level 2, -1/27 HPs)
             Began as a Minotaur Fighter on Sept 21, 2022.
             Slain by Natasha (5 damage)
             ... on level 2 of the Dungeon.
             The game lasted 00:02:15 (1028 turns).

GigaChad the Trooper (Minotaur Fighter)             Turns: 1028, Time: 00:02:16

Health: -1/27      AC:  7    Str: 20    XL:     2   Next: 27%
Magic:  1/1        EV:  9    Int:  5    God:
Gold:   10         SH:  4    Dex:  9    Spells: 1/1 levels left

rFire   . . .      SeeInvis .   a - +1 long sword
rCold   . . .      Faith    .   c - +0 buckler
rNeg    . . .      Spirit   .   b - +0 scale mail
rPois   .          Reflect  .   (helmet restricted)
rElec   .          Harm     .   (no cloak)
rCorr   .          Rampage  .   (no gloves)
Will    .....                   (no boots)
Stlth   ..........              (no amulet)
HPRegen 0.09/turn               (no ring)
MPRegen 0.07/turn               (no ring)

@: slowed, very slow
A: horns 2, retaliatory headbutt
a: no special abilities


You were on level 2 of the Dungeon.
You visited 1 branch of the dungeon, and saw 2 of its levels.

You collected 10 gold pieces.

Inventory:

Hand Weapons
 a - a +1 long sword (weapon)
Armour
 b - a +0 scale mail (worn)
 c - a +0 buckler (worn)
Jewellery
 f - a ring of fire
Scrolls
 h - a scroll of fear
Potions
 d - a potion of might
 g - 2 potions of curing {unknown}


   Skills:
 + Level 4.0 Fighting
 + Level 2.6 Long Blades
 + Level 3.9 Armour
 + Level 3.9 Shields


You had one spell level left.
You didn't know any spells.
Your spell library was empty.

Dungeon Overview and Level Annotations

Branches:
Dungeon (2/15)

Altars:

Annotations:
D:2 Natasha


Innate Abilities, Weirdness & Mutations

You have a pair of horns on your head.
You reflexively headbutt those who attack you in melee.


Message History

The bat closely misses you. You furiously retaliate!
You headbutt the bat!
You kill the bat!
The goblin barely misses you.
Your Fighting skill increases to level 4!
You hit the goblin.
The goblin is moderately wounded.
Natasha casts a spell at you.
You feel yourself slow down. The goblin closely misses you.
You barely miss the goblin.
The goblin is moderately wounded.
The goblin hits you but does no damage. Natasha claws you.
You block the goblin's attack.
Natasha stares at you and mumbles some strange words.
The magic dart hits you. Natasha claws you. The goblin barely misses you.
You furiously retaliate!
You headbutt the goblin, but do no damage.
The goblin attacks as you move away! The goblin hits you with a +0 club.
Natasha attacks as you move away! Natasha claws you.
Natasha mumbles some strange words.
Natasha shimmers violently.
Natasha claws you but does no damage. Natasha attacks as you move away!
Natasha claws you.
Natasha mewls in sadness.
Natasha claws you but does no damage.
Unknown command.
You barely miss Natasha. Your headbutt misses Natasha. Natasha claws you!
* * * LOW HITPOINT WARNING * * *
Natasha casts a spell at you.
You feel as though you will be slow longer.
You barely miss Natasha. Your headbutt misses Natasha.
Natasha casts a spell.
Natasha misses you. You furiously retaliate!
You headbutt Natasha, but do no damage. You hit Natasha.
Natasha is moderately wounded.
Natasha claws you but does no damage. The shadow imp closely misses you.
You closely miss Natasha. You headbutt Natasha!
Natasha is almost dead.
Natasha claws you.
You die...

#...# #...#
#########
#...#####........
#...... .........
#...#####.......
#>.....##.....#
#.####.##.....#
#######.#
#5##†....#
........#
#@hg.....+
........#
####.....#
........####
#######
...........##
##########.[#
#######.######
#............#
#.#####...##.####
#............


You could see Natasha, a shadow imp (summoned) and a goblin.

Vanquished Creatures
  2 endoplasms (D:1)
  2 goblins (D:1)
  2 hobgoblins (D:1)
  2 jackals (D:1)
  A ball python (D:1)
  2 bats (D:2)
11 creatures vanquished.

Notes
Turn   | Place    | Note
-------+----------+-------------------------------------------
     0 | D:1      | GigaChad the Minotaur Fighter began the quest for the Orb.
     0 | D:1      | Reached XP level 1. HP: 19/19 MP: 0/0
   374 | D:1      | Reached XP level 2. HP: 22/27 MP: 1/1
  1017 | D:2      | Noticed Natasha
  1020 | D:2      | Reached skill level 4 in Fighting
  1028 | D:2      | Slain by Natasha

Illustrated notes

Levels and vault maps discovered:
D:1:      denvon_arrival_waterhouse, layout_loops_ring
D:2:      layout_basic, uniq_terence, uniq_natasha

Skill      XL: |  1  2 |
---------------+-------+-----
Fighting       | 4 |  4.0
Long Blades    | |  2.6
Armour         | |  3.9
Shields        | |  3.9

Action                   || total
-------------------------++-------
Melee: Long sword        ||    35
       Headbutt          ||     5
  Use: Scroll            ||     2
Armor: Scale mail        ||    20
Dodge: Dodged            ||    21
Block: Buckler           ||    10
